[ AOE2 MATCH · #478878331 ]
UnrankedCelts vs Romans
[ REPLAY ANALYSIS · EXTRACTED FROM THE RECORDED GAME ]
Feudal
15:23
Castle
24:16
Imperial
—
| APM avg | 43.3 |
| APM peak | 96 |
| eAPM avg | 13.2 |
| Villagers / military | 42 / 33 |
Focus
⚔️ 36.4% · 🌾 63.6%
Militia ×33
Feudal
12:46
Castle
—
Imperial
—
| APM avg | 42.3 |
| APM peak | 71 |
| eAPM avg | 16.2 |
| Villagers / military | 54 / 28 |
Focus
⚔️ 29.2% · 🌾 70.8%
Militia ×27 · Spearman ×1
Feudal
11:45
Castle
24:10
Imperial
—
| APM avg | 26.8 |
| APM peak | 57 |
| eAPM avg | 13.7 |
| Villagers / military | 76 / 15 |
Focus
⚔️ 15.2% · 🌾 84.8%
Steppe Lancer ×12 · Scout Cavalry ×3
Feudal
13:03
Castle
17:07
Imperial
—
| APM avg | 24.1 |
| APM peak | 58 |
| eAPM avg | 13.4 |
| Villagers / military | 50 / 6 |
Focus
⚔️ 14.0% · 🌾 86.0%
Spearman ×6
Feudal
13:01
Castle
16:45
Imperial
—
| APM avg | 43.6 |
| APM peak | 80 |
| eAPM avg | 17.6 |
| Villagers / military | 49 / 5 |
Focus
⚔️ 17.7% · 🌾 82.3%
Knight ×3 · Camel Scout ×2
Feudal
12:35
Castle
—
Imperial
—
| APM avg | 40.3 |
| APM peak | 71 |
| eAPM avg | 24.0 |
| Villagers / military | 84 / 31 |
Focus
⚔️ 24.9% · 🌾 75.1%
Scout Cavalry ×31
Feudal
13:03
Castle
17:19
Imperial
—
| APM avg | 31.6 |
| APM peak | 68 |
| eAPM avg | 13.0 |
| Villagers / military | 30 / 8 |
Focus
⚔️ 30.1% · 🌾 69.9%
Knight ×6 · Monk ×2
Feudal
13:20
Castle
24:03
Imperial
—
| APM avg | 36.2 |
| APM peak | 60 |
| eAPM avg | 13.8 |
| Villagers / military | 37 / 25 |
Focus
⚔️ 33.2% · 🌾 66.8%
Archer ×23 · Spearman ×2
Match map
Initial resources + every placement click. Lines = walls · curves = elevation contours. ◆ gold · ⬟ stone · ● berries · ✦ relic · ◌ wall gap
Your base· Open — 8t gap
Göktürk's base· Open — unwalled flank
Samir's base· Open — unwalled flank
Saruman's base· Open — unwalled flank
Kür'ŞaD's base· Open — unwalled flank
[ICMW] Telepuni's base· Open — 9t gap
[ICMW] The Böke's base· Open — unwalled flank
Tony Williams's base· Open — unwalled flank
Smoothed initial terrain · ◌ = detected wall gap · hover for details
Inputs per minute
— ATABEY - - Göktürk
Build order — ATABEY
111 actions detected in the replay
| 0:15 | Build | Town Center |
| 1:59 | Build | House |
| 2:34 | Create | Villager (Male) |
| 2:34 | Create | Villager (Male) |
| 2:35 | Create | Villager (Male) |
| 2:59 | Create | Villager (Male) |
| 3:17 | Build | House |
| 3:28 | Create | Villager (Male) |
| 4:09 | Build | House |
| 4:12 | Build | Lumber Camp |
| 4:41 | Create | Villager (Male) |
| 4:42 | Create | Villager (Male) |
| 4:42 | Create | Villager (Male) |
| 5:39 | Create | Villager (Male) |
| 5:49 | Create | Villager (Male) |
| 6:38 | Research | Loom |
| 6:43 | Build | House |
| 7:02 | Create | Villager (Male) |
| 7:03 | Create | Villager (Male) |
| 7:11 | Create | Villager (Male) |
| 7:12 | Create | Villager (Male) |
| 7:21 | Create | Villager (Male) |
| 7:33 | Create | Villager (Male) |
| 7:41 | Build | House |
| 7:56 | Create | Villager (Male) |
| 7:56 | Create | Villager (Male) |
| 8:07 | Build | Barracks |
| 8:12 | Create | Villager (Male) |
| 8:35 | Build | House |
| 8:38 | Create | Militia |
| 8:38 | Create | Militia |
| 8:47 | Create | Militia |
| 8:48 | Create | Villager (Male) |
| 8:56 | Create | Villager (Male) |
| 9:24 | Create | Villager (Male) |
| 9:36 | Build | Mining Camp |
| 9:39 | Create | Villager (Male) |
| 9:50 | Create | Militia |
| 10:03 | Create | Militia |
| 10:04 | Create | Villager (Male) |
| 10:10 | Build | House |
| 10:16 | Create | Villager (Male) |
| 10:49 | Create | Villager (Male) |
| 11:01 | Create | Villager (Male) |
| 11:03 | Build | House |
| 11:40 | Create | Villager (Male) |
| 12:15 | Create | Villager (Male) |
| 12:41 | Create | Villager (Male) |
| 13:13 | Research | Feudal Age |
| 13:44 | Create | Militia |
| 13:44 | Create | Militia |
| 13:47 | Build | Mill |
| 13:56 | Create | Militia |
| 14:22 | Build | House |
| 15:02 | Create | Villager (Male) |
| 15:23 | Age | Feudal Age |
| 15:25 | Build | Barracks |
| 15:26 | Research | Man-at-Arms (upgrade) |
| 15:27 | Research | Man-at-Arms (upgrade) |
| 15:43 | Build | Blacksmith |
| 15:49 | Create | Militia |
| 15:49 | Create | Militia |
| 15:50 | Create | Militia |
| 16:11 | Create | Villager (Male) |
| 16:11 | Create | Villager (Male) |
| 16:30 | Research | Scale Mail Armor |
| 16:42 | Build | House |
| 16:45 | Research | Double-Bit Axe |
| 17:03 | Create | Militia |
| 17:10 | Create | Villager (Male) |
| 17:33 | Create | Militia |
| 17:57 | Create | Militia |
| 17:58 | Create | Militia |
| 18:00 | Create | Villager (Male) |
| 18:02 | Build | House |
| 18:08 | Build | Mill |
| 18:28 | Create | Militia |
| 18:34 | Build | Market |
| 18:45 | Research | Forging |
| 18:56 | Create | Militia |
| 19:26 | Build | House |
| 19:35 | Create | Villager (Male) |
| 19:35 | Create | Villager (Male) |
| 19:47 | Create | Militia |
| 19:48 | Create | Militia |
| 19:55 | Create | Militia |
| 19:56 | Create | Militia |
| 19:58 | Create | Villager (Male) |
| 19:59 | Create | Villager (Male) |
| 20:37 | Create | Militia |
| 20:55 | Create | Militia |
| 21:00 | Create | Militia |
| 21:14 | Create | Villager (Male) |
| 21:36 | Research | Castle Age |
| 22:07 | Create | Militia |
| 22:08 | Create | Militia |
| 22:30 | Create | Militia |
| 22:40 | Build | House |
| 23:07 | Create | Militia |
| 23:20 | Create | Militia |
| 23:21 | Create | Villager (Male) |
| 23:28 | Build | Lumber Camp |
| 23:29 | Create | Militia |
| 23:50 | Create | Militia |
| 23:53 | Create | Villager (Male) |
| 24:16 | Age | Castle Age |
| 24:21 | Build | Siege Workshop |
| 24:27 | Research | Long Swordsman (upgrade) |
| 24:29 | Build | House |
| 24:36 | Create | Militia |
| 24:37 | Create | Militia |
Build order — Göktürk
130 actions detected in the replay
| 0:30 | Build | Town Center |
| 2:37 | Create | Villager (Male) |
| 2:38 | Create | Villager (Male) |
| 2:38 | Create | Villager (Male) |
| 2:38 | Create | Villager (Male) |
| 2:42 | Build | House |
| 3:31 | Create | Villager (Male) |
| 4:10 | Create | Villager (Male) |
| 4:32 | Create | Villager (Male) |
| 5:01 | Build | House |
| 5:13 | Create | Villager (Male) |
| 5:36 | Research | Loom |
| 5:38 | Build | House |
| 5:41 | Create | Villager (Male) |
| 5:46 | Build | House |
| 6:09 | Create | Villager (Male) |
| 6:09 | Create | Villager (Male) |
| 6:16 | Create | Villager (Male) |
| 6:17 | Create | Villager (Male) |
| 6:37 | Create | Villager (Male) |
| 6:41 | Create | Villager (Male) |
| 7:00 | Build | House |
| 7:11 | Build | House |
| 7:33 | Create | Villager (Male) |
| 7:43 | Build | Lumber Camp |
| 7:44 | Create | Villager (Male) |
| 7:45 | Create | Villager (Male) |
| 7:45 | Create | Villager (Male) |
| 7:46 | Create | Villager (Male) |
| 7:46 | Create | Villager (Male) |
| 8:11 | Create | Villager (Male) |
| 8:11 | Create | Villager (Male) |
| 8:31 | Create | Villager (Male) |
| 8:32 | Create | Villager (Male) |
| 8:39 | Create | Villager (Male) |
| 8:39 | Create | Villager (Male) |
| 8:55 | Build | House |
| 9:10 | Create | Villager (Male) |
| 9:42 | Create | Villager (Male) |
| 9:58 | Build | Mill |
| 10:01 | Create | Villager (Male) |
| 10:27 | Research | Feudal Age |
| 10:52 | Create | Villager (Male) |
| 10:55 | Create | Villager (Male) |
| 11:20 | Build | House |
| 11:24 | Build | House |
| 11:54 | Create | Villager (Male) |
| 12:18 | Build | House |
| 12:27 | Build | House |
| 12:42 | Build | House |
| 12:46 | Build | Palisade Wall |
| 12:46 | Age | Feudal Age |
| 12:47 | Create | Villager (Male) |
| 12:48 | Create | Villager (Male) |
| 12:58 | Create | Villager (Male) |
| 13:01 | Create | Villager (Male) |
| 13:18 | Build | Watch Tower |
| 13:21 | Create | Villager (Male) |
| 13:21 | Create | Villager (Male) |
| 13:29 | Create | Villager (Male) |
| 13:44 | Create | Villager (Male) |
| 13:58 | Build | Barracks |
| 13:59 | Create | Villager (Male) |
| 14:12 | Create | Villager (Male) |
| 14:20 | Research | Double-Bit Axe |
| 14:25 | Create | Villager (Male) |
| 14:48 | Create | Militia |
| 14:48 | Create | Militia |
| 14:49 | Create | Militia |
| 15:00 | Build | Farm |
| 15:01 | Build | Farm |
| 15:02 | Create | Villager (Male) |
| 15:06 | Build | Farm |
| 15:19 | Build | Farm |
| 15:25 | Create | Militia |
| 15:41 | Create | Villager (Male) |
| 15:50 | Build | Farm |
| 15:54 | Create | Militia |
| 16:14 | Research | Man-at-Arms (upgrade) |
| 16:20 | Build | Farm |
| 16:38 | Build | Farm |
| 16:44 | Build | House |
| 16:47 | Create | Militia |
| 16:53 | Build | Blacksmith |
| 17:07 | Create | Militia |
| 17:12 | Build | Farm |
| 17:27 | Research | Scale Mail Armor |
| 17:27 | Research | Forging |
| 17:50 | Create | Militia |
| 17:53 | Build | House |
| 17:59 | Create | Militia |
| 18:00 | Create | Villager (Male) |
| 18:08 | Build | Farm |
| 18:09 | Build | Farm |
| 18:29 | Create | Militia |
| 18:34 | Build | Farm |
| 18:43 | Create | Militia |
| 18:44 | Create | Militia |
| 18:52 | Create | Villager (Male) |
| 18:53 | Create | Villager (Male) |
| 18:56 | Create | Militia |
| 19:06 | Build | House |
| 19:12 | Create | Spearman |
| 19:50 | Create | Militia |
| 19:54 | Build | House |
| 20:04 | Build | Farm |
| 20:05 | Create | Villager (Male) |
| 20:06 | Create | Militia |
| 20:17 | Create | Villager (Male) |
| 21:02 | Create | Militia |
| 21:03 | Create | Militia |
| 21:08 | Create | Villager (Male) |
| 21:21 | Build | Palisade Wall |
| 21:24 | Create | Militia |
| 21:33 | Build | Market |
| 21:34 | Create | Militia |
| 21:47 | Create | Militia |
| 22:29 | Create | Militia |
| 22:29 | Create | Militia |
| 22:38 | Create | Militia |
| 22:38 | Create | Militia |
| 22:42 | Create | Villager (Male) |
| 22:55 | Create | Militia |
| 23:20 | Create | Villager (Male) |
| 23:23 | Build | Farm |
| 23:35 | Build | Farm |
| 23:43 | Create | Militia |
| 24:37 | Build | Farm |
| 24:39 | Research | Castle Age |
| 24:44 | Create | Militia |
Build order — Samir
First 150 of 154 actions detected
| 0:42 | Build | Town Center |
| 1:57 | Build | House |
| 2:29 | Create | Villager (Male) |
| 2:30 | Create | Villager (Male) |
| 2:30 | Create | Villager (Male) |
| 2:47 | Create | Villager (Male) |
| 2:47 | Create | Villager (Male) |
| 4:04 | Create | Villager (Male) |
| 4:05 | Create | Villager (Male) |
| 4:05 | Create | Villager (Male) |
| 4:25 | Build | House |
| 5:02 | Create | Villager (Male) |
| 5:02 | Create | Villager (Male) |
| 5:02 | Create | Villager (Male) |
| 5:12 | Build | Mill |
| 5:20 | Create | Villager (Male) |
| 5:20 | Create | Villager (Male) |
| 5:43 | Create | Villager (Male) |
| 5:43 | Create | Villager (Male) |
| 6:26 | Create | Villager (Male) |
| 6:46 | Create | Villager (Male) |
| 6:49 | Build | House |
| 6:59 | Create | Villager (Male) |
| 7:47 | Create | Villager (Male) |
| 8:07 | Create | Villager (Male) |
| 8:21 | Build | House |
| 8:25 | Research | Loom |
| 8:59 | Create | Villager (Male) |
| 9:04 | Build | Lumber Camp |
| 9:13 | Create | Villager (Male) |
| 9:35 | Research | Feudal Age |
| 9:51 | Build | House |
| 11:29 | Create | Villager (Male) |
| 11:45 | Age | Feudal Age |
| 11:47 | Create | Villager (Male) |
| 11:47 | Create | Villager (Male) |
| 11:53 | Build | Town Center |
| 11:57 | Create | Villager (Male) |
| 11:59 | Research | Double-Bit Axe |
| 12:15 | Create | Villager (Male) |
| 13:27 | Create | Villager (Male) |
| 13:52 | Create | Villager (Male) |
| 13:55 | Create | Villager (Male) |
| 13:55 | Create | Villager (Male) |
| 13:56 | Create | Villager (Male) |
| 14:00 | Create | Villager (Male) |
| 14:09 | Build | Mill |
| 14:38 | Build | Barracks |
| 15:01 | Create | Villager (Male) |
| 15:04 | Build | House |
| 15:11 | Create | Villager (Male) |
| 15:11 | Create | Villager (Male) |
| 15:19 | Create | Villager (Male) |
| 15:20 | Create | Villager (Male) |
| 15:39 | Build | Farm |
| 15:40 | Create | Villager (Male) |
| 15:43 | Create | Villager (Male) |
| 15:44 | Create | Villager (Male) |
| 15:48 | Build | Stable |
| 15:49 | Create | Villager (Male) |
| 15:52 | Build | Farm |
| 15:52 | Build | Farm |
| 15:53 | Build | Farm |
| 15:53 | Build | Farm |
| 15:53 | Build | Farm |
| 16:02 | Create | Villager (Male) |
| 16:09 | Build | Farm |
| 16:11 | Research | Horse Collar |
| 16:20 | Build | Farm |
| 16:24 | Build | Farm |
| 16:27 | Create | Villager (Male) |
| 16:33 | Build | House |
| 16:38 | Create | Villager (Male) |
| 16:43 | Build | Farm |
| 16:46 | Build | Farm |
| 16:51 | Build | Farm |
| 16:54 | Create | Villager (Male) |
| 17:04 | Create | Villager (Male) |
| 17:10 | Create | Scout Cavalry |
| 17:17 | Build | Farm |
| 17:20 | Build | House |
| 17:28 | Create | Villager (Male) |
| 17:40 | Build | Mining Camp |
| 17:45 | Create | Villager (Male) |
| 17:46 | Create | Villager (Male) |
| 17:47 | Create | Villager (Male) |
| 17:48 | Create | Scout Cavalry |
| 17:55 | Create | Villager (Male) |
| 17:58 | Create | Villager (Male) |
| 18:05 | Create | Scout Cavalry |
| 18:06 | Create | Villager (Male) |
| 18:11 | Build | Farm |
| 18:28 | Build | House |
| 18:28 | Build | House |
| 18:29 | Build | House |
| 18:35 | Research | Wheelbarrow |
| 18:38 | Create | Villager (Male) |
| 18:48 | Create | Villager (Male) |
| 18:49 | Create | Villager (Male) |
| 18:54 | Create | Villager (Male) |
| 18:56 | Build | Farm |
| 18:59 | Build | Farm |
| 19:07 | Create | Villager (Male) |
| 19:09 | Build | House |
| 19:09 | Build | House |
| 19:10 | Build | House |
| 19:29 | Create | Villager (Male) |
| 19:48 | Create | Villager (Male) |
| 19:49 | Create | Villager (Male) |
| 19:58 | Create | Villager (Male) |
| 20:22 | Create | Villager (Male) |
| 20:31 | Build | Market |
| 20:37 | Build | Blacksmith |
| 20:42 | Create | Villager (Male) |
| 20:46 | Research | Gold Mining |
| 21:11 | Research | Castle Age |
| 21:16 | Create | Villager (Male) |
| 21:21 | Build | Stable |
| 21:25 | Research | Scale Barding Armor |
| 21:36 | Build | Farm |
| 21:38 | Build | Farm |
| 21:43 | Build | Farm |
| 21:47 | Build | Farm |
| 21:53 | Build | Stable |
| 21:56 | Create | Villager (Male) |
| 22:03 | Research | Bloodlines |
| 22:31 | Create | Villager (Male) |
| 22:31 | Create | Villager (Male) |
| 22:34 | Create | Villager (Male) |
| 22:51 | Build | Stable |
| 22:59 | Research | Forging |
| 23:08 | Create | Villager (Male) |
| 23:11 | Create | Villager (Male) |
| 23:13 | Create | Villager (Male) |
| 23:19 | Build | House |
| 23:20 | Build | House |
| 23:20 | Build | House |
| 23:20 | Build | House |
| 23:32 | Build | Farm |
| 23:33 | Build | Farm |
| 23:33 | Build | Farm |
| 23:33 | Build | Farm |
| 23:34 | Build | Farm |
| 24:10 | Age | Castle Age |
| 24:13 | Research | Chain Barding Armor |
| 24:17 | Create | Steppe Lancer ×5 |
| 24:18 | Create | Steppe Lancer ×5 |
| 24:35 | Create | Villager (Male) |
| 24:36 | Create | Villager (Male) |
| 24:37 | Create | Villager (Male) |
Build order — Saruman
113 actions detected in the replay
| 0:17 | Build | Town Center |
| 2:05 | Build | House |
| 2:32 | Create | Villager (Male) |
| 2:33 | Create | Villager (Male) |
| 2:33 | Create | Villager (Male) |
| 2:33 | Create | Villager (Male) |
| 4:05 | Create | Villager (Male) |
| 4:08 | Create | Villager (Male) |
| 4:12 | Build | Lumber Camp |
| 4:38 | Build | House |
| 4:39 | Build | House |
| 4:57 | Create | Villager (Male) |
| 5:01 | Create | Villager (Male) |
| 5:51 | Create | Villager (Male) |
| 5:51 | Create | Villager (Male) |
| 6:09 | Build | House |
| 6:22 | Build | House |
| 6:34 | Create | Villager (Male) |
| 6:34 | Create | Villager (Male) |
| 6:34 | Create | Villager (Male) |
| 6:49 | Create | Villager (Male) |
| 6:58 | Build | Mill |
| 7:27 | Create | Villager (Male) |
| 7:31 | Create | Villager (Male) |
| 7:32 | Create | Villager (Male) |
| 7:32 | Create | Villager (Male) |
| 8:07 | Build | House |
| 8:31 | Build | House |
| 8:39 | Create | Villager (Male) |
| 8:47 | Build | House |
| 8:58 | Create | Villager (Male) |
| 8:59 | Create | Villager (Male) |
| 9:00 | Research | Loom |
| 9:03 | Build | House |
| 10:11 | Build | Mining Camp |
| 10:49 | Research | Feudal Age |
| 10:49 | Research | Feudal Age |
| 11:46 | Create | Villager (Male) |
| 11:46 | Create | Villager (Male) |
| 11:46 | Create | Villager (Male) |
| 11:58 | Build | House |
| 12:06 | Build | Palisade Wall |
| 12:11 | Build | Palisade Gate |
| 13:03 | Age | Feudal Age |
| 13:06 | Build | Market |
| 13:08 | Build | Blacksmith |
| 13:16 | Research | Double-Bit Axe |
| 13:26 | Create | Villager (Male) |
| 14:07 | Build | Palisade Wall |
| 14:27 | Research | Castle Age |
| 14:58 | Build | Barracks |
| 15:01 | Create | Villager (Male) |
| 15:01 | Create | Villager (Male) |
| 15:01 | Create | Villager (Male) |
| 15:38 | Build | House |
| 17:07 | Age | Castle Age |
| 17:11 | Build | Town Center |
| 17:12 | Create | Villager (Male) |
| 17:12 | Create | Villager (Male) |
| 17:23 | Build | Town Center |
| 17:38 | Create | Villager (Male) |
| 17:52 | Create | Villager (Male) |
| 18:02 | Create | Villager (Male) |
| 18:05 | Create | Villager (Male) |
| 18:05 | Create | Villager (Male) |
| 18:06 | Create | Villager (Male) |
| 18:06 | Create | Villager (Male) |
| 18:21 | Research | Horse Collar |
| 18:39 | Create | Villager (Male) |
| 18:40 | Create | Villager (Male) |
| 18:41 | Create | Villager (Male) |
| 18:42 | Create | Villager (Male) |
| 18:45 | Research | Wheelbarrow |
| 18:45 | Create | Villager (Male) |
| 18:45 | Create | Villager (Male) |
| 18:45 | Create | Villager (Male) |
| 19:37 | Build | Farm |
| 19:38 | Build | Farm |
| 19:40 | Build | Farm |
| 19:44 | Build | Farm |
| 19:48 | Build | Farm |
| 19:49 | Create | Villager (Male) |
| 19:50 | Create | Villager (Male) |
| 19:50 | Create | Villager (Male) |
| 19:56 | Build | Barracks |
| 20:00 | Build | Farm |
| 20:06 | Build | House |
| 20:07 | Build | House |
| 20:09 | Build | House |
| 20:24 | Research | Pikeman (upgrade) |
| 20:33 | Build | Siege Workshop |
| 20:37 | Create | Villager (Male) |
| 20:37 | Create | Villager (Male) |
| 20:38 | Create | Villager (Male) |
| 20:43 | Create | Spearman |
| 20:55 | Build | Farm |
| 20:59 | Build | Farm |
| 21:01 | Build | House |
| 21:02 | Build | House |
| 21:15 | Build | Farm |
| 21:16 | Build | Farm |
| 21:19 | Create | Spearman |
| 21:21 | Create | Spearman |
| 21:27 | Create | Spearman |
| 21:33 | Build | House |
| 21:34 | Build | House |
| 21:35 | Build | House |
| 21:38 | Build | Farm |
| 21:39 | Build | Farm |
| 21:46 | Build | Farm |
| 22:02 | Create | Spearman |
| 22:03 | Create | Spearman |
| 22:08 | Build | Farm |
Build order — Kür'ŞaD
117 actions detected in the replay
| 0:18 | Build | Town Center |
| 1:44 | Build | House |
| 2:35 | Create | Villager (Male) |
| 2:35 | Create | Villager (Male) |
| 2:36 | Create | Villager (Male) |
| 2:38 | Build | House |
| 2:41 | Build | House |
| 2:50 | Create | Villager (Male) |
| 2:51 | Create | Villager (Male) |
| 2:54 | Build | House |
| 3:08 | Build | House |
| 3:51 | Build | House |
| 3:55 | Create | Villager (Male) |
| 4:53 | Create | Villager (Male) |
| 5:23 | Create | Villager (Male) |
| 5:24 | Create | Villager (Male) |
| 5:25 | Build | Lumber Camp |
| 5:33 | Create | Villager (Male) |
| 5:53 | Create | Villager (Male) |
| 6:16 | Create | Villager (Male) |
| 6:22 | Build | House |
| 7:00 | Create | Villager (Male) |
| 7:03 | Create | Villager (Male) |
| 7:09 | Build | House |
| 7:12 | Build | Palisade Wall |
| 7:13 | Create | Villager (Male) |
| 7:37 | Create | Villager (Male) |
| 8:08 | Create | Villager (Male) |
| 8:27 | Build | Palisade Wall |
| 8:39 | Create | Villager (Male) |
| 9:13 | Build | Palisade Wall |
| 9:16 | Build | Palisade Gate |
| 9:22 | Create | Villager (Male) |
| 9:47 | Create | Villager (Male) |
| 10:12 | Build | Mill |
| 10:18 | Research | Loom |
| 10:25 | Build | Mining Camp |
| 10:43 | Build | House |
| 10:45 | Build | Palisade Wall |
| 10:58 | Research | Feudal Age |
| 10:59 | Create | Villager (Male) |
| 12:09 | Build | Outpost |
| 12:56 | Build | Outpost |
| 13:01 | Age | Feudal Age |
| 13:04 | Build | Blacksmith |
| 13:08 | Create | Villager (Male) |
| 13:13 | Build | Market |
| 13:28 | Create | Villager (Male) |
| 13:58 | Build | Outpost |
| 14:01 | Create | Villager (Male) |
| 14:20 | Research | Castle Age |
| 15:07 | Build | Barracks |
| 15:09 | Create | Villager (Male) |
| 15:14 | Research | Double-Bit Axe |
| 15:57 | Build | House |
| 16:08 | Build | Stable |
| 16:10 | Create | Villager (Male) |
| 16:16 | Research | Horse Collar |
| 16:16 | Research | Horse Collar |
| 16:45 | Age | Castle Age |
| 16:48 | Create | Villager (Male) |
| 16:54 | Build | Stable |
| 16:56 | Create | Knight |
| 17:03 | Build | House |
| 17:12 | Create | Camel Scout |
| 17:16 | Build | Farm |
| 17:25 | Build | Farm |
| 17:37 | Build | Farm |
| 18:06 | Create | Villager (Male) |
| 18:27 | Build | Farm |
| 18:29 | Build | Farm |
| 18:30 | Build | Farm |
| 18:39 | Create | Villager (Male) |
| 19:07 | Build | Farm |
| 19:10 | Create | Villager (Male) |
| 19:34 | Build | Town Center |
| 19:38 | Create | Villager (Male) |
| 20:00 | Create | Villager (Male) |
| 20:03 | Build | Farm |
| 20:05 | Build | Farm |
| 20:30 | Create | Knight |
| 20:54 | Create | Camel Scout |
| 21:08 | Build | Farm |
| 21:21 | Create | Villager (Male) |
| 21:32 | Create | Villager (Male) |
| 21:37 | Build | Farm |
| 21:38 | Build | Farm |
| 21:39 | Build | Farm |
| 22:09 | Create | Knight |
| 22:11 | Build | Farm |
| 22:12 | Create | Villager (Male) |
| 22:29 | Create | Villager (Male) |
| 22:38 | Build | House |
| 22:39 | Build | House |
| 22:41 | Create | Villager (Male) |
| 22:43 | Build | Farm |
| 22:43 | Build | Mill |
| 22:55 | Create | Villager (Male) |
| 23:00 | Create | Villager (Male) |
| 23:01 | Create | Villager (Male) |
| 23:15 | Build | Town Center |
| 23:18 | Create | Villager (Male) |
| 23:19 | Create | Villager (Male) |
| 23:43 | Create | Villager (Male) |
| 23:46 | Build | Farm |
| 23:51 | Build | Farm |
| 23:53 | Create | Villager (Male) |
| 23:54 | Create | Villager (Male) |
| 24:06 | Build | Farm |
| 24:16 | Create | Villager (Male) |
| 24:27 | Build | Farm |
| 24:30 | Create | Villager (Male) |
| 24:41 | Build | Farm |
| 24:42 | Build | Farm |
| 24:50 | Create | Villager (Male) |
| 24:51 | Create | Villager (Male) |
| 24:53 | Build | Farm |
Build order — [ICMW] Telepuni
First 150 of 186 actions detected
| 0:25 | Build | Town Center |
| 2:04 | Build | House |
| 2:54 | Create | Villager (Male) |
| 2:54 | Create | Villager (Male) |
| 2:54 | Create | Villager (Male) |
| 2:55 | Create | Villager (Male) |
| 2:55 | Create | Villager (Male) |
| 3:06 | Build | House |
| 3:23 | Build | House |
| 3:35 | Build | House |
| 3:46 | Build | House |
| 3:47 | Create | Villager (Male) |
| 3:48 | Create | Villager (Male) |
| 3:58 | Build | House |
| 4:26 | Create | Villager (Male) |
| 5:19 | Create | Villager (Male) |
| 5:20 | Create | Villager (Male) |
| 5:26 | Build | House |
| 5:32 | Create | Villager (Male) |
| 5:32 | Create | Villager (Male) |
| 5:56 | Build | Lumber Camp |
| 6:02 | Research | Loom |
| 6:07 | Create | Villager (Male) |
| 6:08 | Create | Villager (Male) |
| 6:08 | Create | Villager (Male) |
| 6:29 | Create | Villager (Male) |
| 6:29 | Create | Villager (Male) |
| 6:35 | Create | Villager (Male) |
| 6:36 | Create | Villager (Male) |
| 6:36 | Create | Villager (Male) |
| 6:51 | Create | Villager (Male) |
| 7:06 | Build | House |
| 7:15 | Build | House |
| 7:17 | Create | Villager (Male) |
| 7:17 | Create | Villager (Male) |
| 7:38 | Build | House |
| 8:49 | Build | House |
| 8:51 | Create | Villager (Male) |
| 8:51 | Create | Villager (Male) |
| 8:52 | Create | Villager (Male) |
| 9:06 | Create | Villager (Male) |
| 9:07 | Create | Villager (Male) |
| 9:07 | Create | Villager (Male) |
| 9:26 | Build | Mill |
| 9:28 | Create | Villager (Male) |
| 9:28 | Create | Villager (Male) |
| 9:28 | Create | Villager (Male) |
| 10:25 | Research | Feudal Age |
| 10:25 | Research | Feudal Age |
| 10:37 | Build | House |
| 10:55 | Build | House |
| 11:28 | Build | Barracks |
| 11:57 | Create | Villager (Male) |
| 11:57 | Create | Villager (Male) |
| 12:13 | Create | Villager (Male) |
| 12:26 | Build | House |
| 12:35 | Age | Feudal Age |
| 12:39 | Build | Stable |
| 12:45 | Research | Double-Bit Axe |
| 12:46 | Research | Double-Bit Axe |
| 12:47 | Create | Villager (Male) |
| 12:47 | Create | Villager (Male) |
| 12:56 | Create | Villager (Male) |
| 12:56 | Create | Villager (Male) |
| 13:25 | Build | Stable |
| 13:27 | Create | Scout Cavalry |
| 13:27 | Create | Scout Cavalry |
| 13:34 | Create | Villager (Male) |
| 13:40 | Create | Villager (Male) |
| 14:03 | Create | Villager (Male) |
| 14:06 | Create | Villager (Male) |
| 14:07 | Create | Villager (Male) |
| 14:09 | Create | Scout Cavalry |
| 14:13 | Build | House |
| 14:15 | Build | House |
| 14:37 | Build | House |
| 14:42 | Build | Palisade Wall |
| 14:43 | Create | Villager (Male) |
| 14:44 | Create | Villager (Male) |
| 14:59 | Build | Blacksmith |
| 15:02 | Create | Villager (Male) |
| 15:02 | Create | Villager (Male) |
| 15:04 | Create | Scout Cavalry |
| 15:12 | Create | Villager (Male) |
| 15:14 | Create | Scout Cavalry |
| 15:15 | Create | Scout Cavalry |
| 15:18 | Create | Villager (Male) |
| 15:22 | Build | House |
| 15:24 | Build | Palisade Wall |
| 15:24 | Build | Palisade Gate |
| 15:27 | Create | Villager (Male) |
| 15:27 | Create | Villager (Male) |
| 15:38 | Build | Farm |
| 15:40 | Build | Farm |
| 15:46 | Research | Scale Barding Armor |
| 15:46 | Research | Scale Barding Armor |
| 16:06 | Create | Villager (Male) |
| 16:09 | Create | Villager (Male) |
| 16:16 | Create | Villager (Male) |
| 16:17 | Create | Villager (Male) |
| 16:27 | Build | Mining Camp |
| 16:30 | Create | Villager (Male) |
| 16:30 | Create | Villager (Male) |
| 17:04 | Create | Villager (Male) |
| 17:06 | Create | Scout Cavalry |
| 17:06 | Create | Scout Cavalry |
| 17:19 | Create | Villager (Male) |
| 17:44 | Create | Villager (Male) |
| 17:44 | Create | Villager (Male) |
| 17:46 | Create | Scout Cavalry |
| 17:49 | Build | Farm |
| 17:51 | Build | Farm |
| 17:53 | Create | Villager (Male) |
| 17:59 | Build | House |
| 18:02 | Build | Market |
| 18:13 | Create | Scout Cavalry |
| 18:13 | Research | Bloodlines |
| 18:14 | Research | Bloodlines |
| 18:31 | Build | Farm |
| 18:33 | Build | Farm |
| 18:34 | Create | Villager (Male) |
| 18:35 | Create | Villager (Male) |
| 18:37 | Create | Scout Cavalry |
| 18:37 | Create | Scout Cavalry |
| 18:47 | Create | Villager (Male) |
| 18:50 | Build | House |
| 18:52 | Build | Palisade Wall |
| 18:55 | Create | Villager (Male) |
| 19:11 | Build | Farm |
| 19:13 | Create | Villager (Male) |
| 19:13 | Create | Villager (Male) |
| 19:18 | Create | Scout Cavalry |
| 19:18 | Create | Scout Cavalry |
| 19:18 | Create | Scout Cavalry |
| 19:21 | Create | Villager (Male) |
| 19:22 | Create | Villager (Male) |
| 19:31 | Create | Villager (Male) |
| 19:37 | Create | Villager (Male) |
| 19:37 | Create | Villager (Male) |
| 19:54 | Create | Scout Cavalry |
| 19:55 | Create | Scout Cavalry |
| 19:55 | Create | Scout Cavalry |
| 20:14 | Create | Scout Cavalry |
| 20:14 | Create | Scout Cavalry |
| 20:22 | Research | Horse Collar |
| 20:22 | Research | Horse Collar |
| 20:30 | Build | Farm |
| 20:31 | Create | Villager (Male) |
| 20:36 | Build | Farm |
| 20:37 | Build | Farm |
Build order — [ICMW] The Böke
80 actions detected in the replay
| 1:16 | Build | Town Center |
| 3:07 | Build | House |
| 3:24 | Create | Villager (Male) |
| 3:25 | Create | Villager (Male) |
| 3:33 | Create | Villager (Male) |
| 3:49 | Create | Villager (Male) |
| 4:46 | Create | Villager (Male) |
| 5:07 | Create | Villager (Male) |
| 5:13 | Build | House |
| 5:23 | Build | House |
| 5:28 | Build | House |
| 5:43 | Create | Villager (Male) |
| 6:17 | Build | Lumber Camp |
| 6:30 | Create | Villager (Male) |
| 6:31 | Create | Villager (Male) |
| 6:40 | Create | Villager (Male) |
| 7:09 | Build | House |
| 7:32 | Create | Villager (Male) |
| 7:41 | Create | Villager (Male) |
| 7:58 | Create | Villager (Male) |
| 8:20 | Create | Villager (Male) |
| 8:24 | Create | Villager (Male) |
| 9:05 | Build | Mill |
| 9:08 | Create | Villager (Male) |
| 9:24 | Build | House |
| 10:04 | Create | Villager (Male) |
| 10:53 | Research | Feudal Age |
| 11:22 | Build | Palisade Wall |
| 11:23 | Build | Palisade Wall |
| 11:33 | Build | Palisade Wall |
| 11:36 | Build | Palisade Gate |
| 12:56 | Create | Villager (Male) |
| 13:03 | Age | Feudal Age |
| 13:06 | Build | Palisade Wall |
| 13:18 | Build | Blacksmith |
| 13:26 | Build | Market |
| 13:30 | Create | Villager (Male) |
| 13:59 | Create | Villager (Male) |
| 14:39 | Research | Castle Age |
| 14:51 | Build | Outpost |
| 15:07 | Build | Outpost |
| 15:26 | Build | Barracks |
| 15:35 | Research | Double-Bit Axe |
| 15:53 | Build | House |
| 16:45 | Build | Watch Tower |
| 16:57 | Research | Loom |
| 17:19 | Age | Castle Age |
| 17:31 | Create | Villager (Male) |
| 17:56 | Build | Stable |
| 18:11 | Build | Stable |
| 18:35 | Create | Knight |
| 18:45 | Create | Villager (Male) |
| 18:49 | Create | Knight |
| 19:09 | Build | House |
| 19:15 | Create | Villager (Male) |
| 19:25 | Create | Knight |
| 19:41 | Build | Farm |
| 19:43 | Build | Farm |
| 19:44 | Build | Farm |
| 19:49 | Create | Villager (Male) |
| 20:18 | Build | Monastery |
| 20:20 | Create | Villager (Male) |
| 20:21 | Create | Knight |
| 20:25 | Build | House |
| 20:38 | Create | Knight |
| 20:57 | Build | Farm |
| 21:04 | Create | Monk |
| 21:08 | Build | Farm |
| 21:18 | Create | Villager (Male) |
| 21:24 | Build | House |
| 21:28 | Build | House |
| 22:08 | Create | Villager (Male) |
| 22:10 | Create | Monk |
| 22:34 | Create | Villager (Male) |
| 22:38 | Build | Farm |
| 22:44 | Build | Mining Camp |
| 23:08 | Create | Villager (Male) |
| 23:19 | Create | Knight |
| 23:22 | Create | Villager (Male) |
| 23:35 | Build | Farm |
Build order — Tony Williams
107 actions detected in the replay
| 1:13 | Build | Town Center |
| 2:54 | Create | Villager (Male) |
| 2:55 | Create | Villager (Male) |
| 2:55 | Create | Villager (Male) |
| 2:59 | Build | House |
| 3:10 | Create | Villager (Male) |
| 3:10 | Create | Villager (Male) |
| 4:12 | Build | House |
| 4:37 | Create | Villager (Male) |
| 4:38 | Create | Villager (Male) |
| 4:45 | Build | House |
| 5:24 | Create | Villager (Male) |
| 5:24 | Create | Villager (Male) |
| 5:58 | Create | Villager (Male) |
| 5:58 | Create | Villager (Male) |
| 6:28 | Create | Villager (Male) |
| 6:29 | Create | Villager (Male) |
| 6:29 | Create | Villager (Male) |
| 6:48 | Create | Villager (Male) |
| 6:49 | Create | Villager (Male) |
| 6:49 | Create | Villager (Male) |
| 7:08 | Create | Villager (Male) |
| 7:09 | Create | Villager (Male) |
| 7:20 | Build | House |
| 7:22 | Build | House |
| 7:31 | Create | Villager (Male) |
| 7:31 | Create | Villager (Male) |
| 7:35 | Build | House |
| 7:47 | Build | Lumber Camp |
| 7:49 | Build | House |
| 8:02 | Build | House |
| 8:11 | Build | House |
| 8:35 | Create | Villager (Male) |
| 8:54 | Create | Villager (Male) |
| 9:30 | Create | Villager (Male) |
| 10:23 | Research | Loom |
| 10:35 | Build | Barracks |
| 11:10 | Research | Feudal Age |
| 11:10 | Research | Feudal Age |
| 11:56 | Build | House |
| 12:02 | Build | Palisade Wall |
| 13:02 | Build | House |
| 13:20 | Age | Feudal Age |
| 13:23 | Build | Archery Range |
| 13:26 | Create | Villager (Male) |
| 13:26 | Create | Villager (Male) |
| 13:33 | Build | Archery Range |
| 13:44 | Build | House |
| 13:46 | Create | Villager (Male) |
| 13:58 | Build | Palisade Wall |
| 14:02 | Build | Palisade Wall |
| 14:19 | Create | Villager (Male) |
| 14:32 | Create | Archer |
| 14:33 | Create | Archer |
| 14:56 | Build | Blacksmith |
| 15:00 | Create | Villager (Male) |
| 15:06 | Create | Archer |
| 15:31 | Create | Villager (Male) |
| 15:34 | Build | House |
| 15:38 | Create | Archer |
| 15:40 | Research | Fletching |
| 16:13 | Create | Archer |
| 16:13 | Create | Archer |
| 16:27 | Create | Archer |
| 16:28 | Create | Archer |
| 16:28 | Create | Archer |
| 16:35 | Create | Villager (Male) |
| 16:35 | Create | Villager (Male) |
| 16:44 | Build | Mill |
| 16:51 | Build | House |
| 16:52 | Build | Palisade Wall |
| 17:06 | Create | Archer |
| 17:07 | Create | Archer |
| 17:41 | Create | Villager (Male) |
| 17:41 | Create | Villager (Male) |
| 18:28 | Create | Villager (Male) |
| 18:28 | Create | Villager (Male) |
| 18:38 | Create | Archer |
| 18:38 | Create | Archer |
| 18:39 | Create | Archer |
| 18:44 | Build | Market |
| 18:54 | Build | House |
| 18:56 | Create | Archer |
| 18:57 | Create | Archer |
| 18:57 | Create | Archer |
| 18:57 | Create | Archer |
| 19:13 | Create | Spearman |
| 19:14 | Create | Spearman |
| 19:34 | Build | House |
| 19:40 | Create | Villager (Male) |
| 20:11 | Research | Padded Archer Armor |
| 20:34 | Build | Palisade Wall |
| 21:23 | Research | Castle Age |
| 21:41 | Build | House |
| 21:52 | Create | Archer |
| 21:52 | Create | Archer |
| 21:52 | Create | Archer |
| 22:00 | Build | Mining Camp |
| 22:08 | Build | Palisade Wall |
| 22:24 | Build | House |
| 22:26 | Build | House |
| 22:29 | Build | House |
| 23:20 | Create | Archer |
| 23:20 | Create | Archer |
| 24:03 | Age | Castle Age |
| 24:12 | Research | Crossbowman (upgrade) |
| 24:27 | Build | Town Center |
Match timeline
| 7:12 | Kür'ŞaD · wall_segment Palisade Wall x9 |
| 8:07 | ATABEY · first_building Barracks |
| 8:27 | Kür'ŞaD · wall_segment Palisade Wall x5 |
| 9:13 | Kür'ŞaD · wall_segment Palisade Wall x9 |
| 10:35 | Tony Williams · first_building Barracks |
| 10:45 | Kür'ŞaD · wall_segment Palisade Wall x3 |
| 11:22 | [ICMW] The Böke · wall_segment Palisade Wall x1 |
| 11:23 | [ICMW] The Böke · wall_segment Palisade Wall x1 |
| 11:28 | [ICMW] Telepuni · first_building Barracks |
| 11:33 | [ICMW] The Böke · wall_segment Palisade Wall x10 |
| 11:45 | Samir · age_up feudal |
| 12:02 | Tony Williams · wall_segment Palisade Wall x1 |
| 12:06 | Saruman · wall_segment Palisade Wall x10 |
| 12:35 | [ICMW] Telepuni · age_up feudal |
| 12:39 | [ICMW] Telepuni · first_building Stable |
| 12:46 | Göktürk · wall_segment Palisade Wall x1 |
| 12:46 | Göktürk · age_up feudal |
| 13:01 | Kür'ŞaD · age_up feudal |
| 13:03 | Saruman · age_up feudal |
| 13:03 | [ICMW] The Böke · age_up feudal |
| 13:06 | [ICMW] The Böke · wall_segment Palisade Wall x3 |
| 13:20 | Tony Williams · age_up feudal |
| 13:23 | Tony Williams · first_building Archery Range |
| 13:58 | Göktürk · first_building Barracks |
| 13:58 | Tony Williams · wall_segment Palisade Wall x1 |
| 14:02 | Tony Williams · wall_segment Palisade Wall x1 |
| 14:07 | Saruman · wall_segment Palisade Wall x1 |
| 14:23 | Kür'ŞaD · first_market_sell 100 wood |
| 14:38 | Samir · first_building Barracks |
| 14:42 | [ICMW] Telepuni · wall_segment Palisade Wall x5 |
| 14:58 | Saruman · first_building Barracks |
| 15:07 | Kür'ŞaD · first_building Barracks |
| 15:23 | ATABEY · age_up feudal |
| 15:24 | [ICMW] Telepuni · wall_segment Palisade Wall x1 |
| 15:26 | [ICMW] The Böke · first_building Barracks |
| 15:48 | Samir · first_building Stable |
| 16:08 | Kür'ŞaD · first_building Stable |
| 16:45 | Kür'ŞaD · age_up castle |
| 16:52 | Tony Williams · wall_segment Palisade Wall x1 |
| 17:07 | Saruman · age_up castle |
| 17:19 | [ICMW] The Böke · age_up castle |
| 17:56 | [ICMW] The Böke · first_building Stable |
| 18:52 | [ICMW] Telepuni · wall_segment Palisade Wall x1 |
| 19:31 | ATABEY · first_market_buy 100 food |
| 20:16 | Tony Williams · first_market_sell 100 stone |
| 20:18 | [ICMW] The Böke · first_building Monastery |
| 20:20 | Tony Williams · first_market_buy 100 food |
| 20:33 | Saruman · first_building Siege Workshop |
| 20:34 | Tony Williams · wall_segment Palisade Wall x3 |
| 21:16 | ATABEY · first_market_sell 100 wood |
| 21:21 | Göktürk · wall_segment Palisade Wall x1 |
| 22:08 | Tony Williams · wall_segment Palisade Wall x1 |
| 22:20 | Saruman · resign |
| 22:35 | Göktürk · first_market_buy 100 food |
| 22:59 | Kür'ŞaD · first_market_buy 100 food |
| 23:03 | [ICMW] The Böke · first_market_buy 100 food |
| 23:10 | Göktürk · first_market_sell 100 wood |
| 24:03 | Tony Williams · age_up castle |
| 24:10 | Samir · age_up castle |
| 24:16 | ATABEY · age_up castle |
| 24:21 | ATABEY · first_building Siege Workshop |
[ AI ANALYSIS · 1 CREDIT ]
What really happened in this match?
Wolo.gg analyzes every decision: build order, eco, micro, common mistakes by bracket. Personalized analysis on WhatsApp or Discord in 30 seconds.
Civ guide
Celts
Perfil
Jugador #17522964